 Dungeon Crawl Stone Soup version 0.31-a0-538-gbc85326fa9 (webtiles) character file.

Game seed: 5466592643312331607

98 sjdagoat the Grave Robber (level 4, -3/30 HPs)
             Began as a Demonspawn Necromancer on Aug 14, 2023.
             Was an Initiate of Gozag.
             Slain by a cerulean imp
             ... wielding a +0 spear
             ... summoned by Natasha
              (5 damage)
             ... on level 2 of the Dungeon.
             The game lasted 00:15:09 (2185 turns).

sjdagoat the Grave Robber (Demonspawn Necromancer)  Turns: 2185, Time: 00:15:18

Health: -3/30      AC:  6    Str:  8    XL:     4   Next: 43%
Magic:  8/8        EV: 10    Int: 19    God:    Gozag
Gold:   309        SH:  0    Dex: 13    Spells: 8/9 levels left

rFire   . . .        c - +0 dagger
rCold   . . .        (no shield)
rNeg    . . .        n - +0 ring mail
rPois   .            (no helmet)
rElec   .            (no cloak)
rCorr   .            (no gloves)
SInv    .            j - +0 pair of boots
Will    .....        (no amulet)
Stlth   +            (no ring)
HPRegen 0.25/turn    (no ring)
MPRegen 0.11/turn

%: no passive effects
@: slowed, very slow
A: weakness stinger 2
a: Renounce Religion, Potion Petition, Call Merchant, Bribe Branch


You were on level 2 of the Dungeon.
You worshipped Gozag.
Gozag was aware of your devotion.
You visited 1 branch of the dungeon, and saw 2 of its levels.

You collected 334 gold pieces.
You paid 25 gold pieces to Gozag.

Inventory:

Hand Weapons
 c - a +0 dagger (weapon)
Missiles
 l - 2 poisoned darts
Armour
 a - a +0 robe
 f - a +0 chain mail
 j - a +0 pair of boots (worn)
 n - a +0 ring mail (worn)
Scrolls
 g - a scroll of immolation
 h - a scroll of poison
 i - a scroll of teleportation {unknown}
 k - a scroll of enchant weapon {unknown}
Potions
 b - a potion of magic
 e - a potion of heal wounds
 m - a potion of attraction


   Skills:
 + Level 0.2 Fighting
 + Level 0.3 Short Blades
 + Level 1.9 Dodging
 + Level 2.0 Stealth
 + Level 3.2 Spellcasting
 + Level 5.4 Necromancy


You had 8 spell levels left.
You knew the following spells:

 Your Spells              Type           Power      Damage    Failure   Level
a - Necrotise             Necr           92%        1d8       4%          1

Your spell library contained the following spells:

 Spells                   Type           Power      Damage    Failure   Level
 Vampiric Draining        Necr           23%        2d7       16%         3
 Poisonous Vapours        Pois/Air       6%         N/A       56%         2
 Mephitic Cloud           Conj/Pois/Air  3%         N/A       80%         3
 Agony                    Necr           23%        N/A       80%         5
 Fireball                 Conj/Fire      1%         3d3       100%        5
 Freezing Cloud           Conj/Ice/Air   1%         6-21      100%        5
 Iskenderun's Battlesphe  Conj           3%         2d6       100%        5
 Conjure Ball Lightning   Conj/Air       1%         3x3d6     100%        6
 Orb of Destruction       Conj           1%         9d5       100%        7
 Animate Dead             Necr           Unusable   N/A       N/A         4

Dungeon Overview and Level Annotations

Branches:
Dungeon (2/15)

Altars:
Gozag

Annotations:
D:2 Natasha


Innate Abilities, Weirdness & Mutations

You have a tail ending in a sharp stinger.


Message History

The cerulean imp hits you from afar with a +2 spear.
Natasha mumbles some strange words.
The cerulean imp misses you. The cerulean imp barely misses you.
The cerulean imp hits you but does no damage.
Natasha casts a spell at you.
You feel yourself slow down. The cerulean imp closely misses you.
Natasha stares at you and mumbles some strange words.
You feel as though you will be slow longer.
The cerulean imp barely misses you.
The cerulean imp hits you but does no damage.
The cerulean imp closely misses you. The cerulean imp barely misses you.
The cerulean imp hits you but does no damage.
Natasha misses you.
The cerulean imp hits you from afar with a +0 spear.
The cerulean imp misses you.
Natasha mumbles some strange words.
The cerulean imp hits you but does no damage.
The cerulean imp barely misses you. Natasha closely misses you.
The cerulean imp hits you but does no damage.
The cerulean imp barely misses you. The cerulean imp misses you.
Natasha claws you.
The cerulean imp hits you but does no damage.
The cerulean imp barely misses you.
The cerulean imp hits you from afar with a +2 spear.
Natasha claws you. The cerulean imp closely misses you.
The cerulean imp hits you but does no damage.
The cerulean imp hits you from afar with a +2 spear.
Natasha claws you.
* * * LOW HITPOINT WARNING * * *
The cerulean imp hits you but does no damage. x2
The cerulean imp hits you from afar with a +2 spear.
* * * LOW HITPOINT WARNING * * *
Natasha claws you.
* * * LOW HITPOINT WARNING * * *
The cerulean imp closely misses you.
The cerulean imp hits you from afar with a +0 spear.
You die...
Your body crumbles into a pile of gold.

#.####.......##'####
##+####.............#
#...................#
#...................#
###...................#
###########.....................#
..........'..>55..[........#+####
.........##................#+####
..........###..h@................
....<.....# #....................
..........# #..5.................
#######...###..............#..###
#...'....####........##..#
#...#########........###.##
#...........#........# #..#
##..........########## #..#
#..........# #...


You could see Natasha and 3 cerulean imps.

Vanquished Creatures
  A sleepcap (D:2)
  Natasha (D:2)
  A worm (D:2)
  7 endoplasms
  4 goblins
  5 hobgoblins (D:1)
  3 jackals (D:1)
  5 kobolds
  2 quokkas (D:2)
  2 ball pythons (D:1)
  3 bats
  2 frilled lizards
  6 rats
42 creatures vanquished.

Notes
Turn   | Place    | Note
-------+----------+-------------------------------------------
     0 | D:1      | sjdagoat the Demonspawn Necromancer began the quest for the
                  | Orb.
     0 | D:1      | Reached XP level 1. HP: 13/13 MP: 3/3
   224 | D:1      | Found a faded altar of an unknown god.
   240 | D:1      | Gained mutation: You have a small tail. [demonic ancestry]
   240 | D:1      | Reached XP level 2. HP: 19/19 MP: 1/5
   260 | D:1      | Prayed at the altar of an unknown god.
   260 | D:1      | Became a worshipper of Gozag Ym Sagoz the Greedy
   261 | D:1      | Fell from the grace of Gozag
   301 | D:1      | Became a worshipper of Gozag Ym Sagoz the Greedy
   548 | D:1      | Reached skill level 5 in Necromancy
   933 | D:1      | Reached XP level 3. HP: 24/24 MP: 3/6
  1345 | D:2      | Noticed Natasha
  1350 | D:2      | Killed Natasha
  1418 | D:2      | Gained mutation: You have a tail ending in a sharp stinger.
                  | [demonic ancestry]
  1418 | D:2      | Reached XP level 4. HP: 24/30 MP: 1/8
  2171 | D:2      | Noticed Natasha
  2185 | D:2      | Slain by a cerulean imp

Illustrated notes

Levels and vault maps discovered:
D:1:      nzn_arrival_crosshair, layout_basic,
          ebering_ecumenical_altar_abandoned
D:2:      layout_basic, uniq_natasha

Skill      XL: |  1  2  3 |
---------------+----------+-----
Necromancy     | 5 |  5.4
Stealth        | 2 |  2.0
Spellcasting   | 3 |  3.2
Fighting       | |  0.2
Short Blades   | |  0.3
Dodging        | |  1.9

Action                     |  1- 3 |  4- 6 || total
---------------------------+-------+-------++-------
  Melee: Dagger            |    25 |    16 ||    41
         Tailslap          |     4 |     1 ||     5
   Cast: Necrotise         |    57 |    12 ||    69
 Invoke: Renounce Religion |     1 |       ||     1
    Use: Scroll            |     1 |     3 ||     4
 Armour: Robe              |     8 |     3 ||    11
         Ring mail         |       |    11 ||    11
  Dodge: Dodged            |    27 |    28 ||    55

Table legend: (Time is in decaauts)
 A = Elapsed time spent in this place.
 B = Non-inter-level travel time spent in this place.
 C = Inter-level travel time spent in this place.
 D = Time resting spent in this place.
 E = Time spent auto-exploring this place.
 F = Levels seen in this place.
 G = Mean time per level.
                   A        B        C        D        E       F      G
               +--------+--------+--------+--------+--------+-----+--------+
         Total |   2186 |   2186 |      0 |    103 |    753 |   2 | 1093.0 |
       Dungeon |   2186 |   2186 |      0 |    103 |    753 |   2 | 1093.0 |
               +--------+--------+--------+--------+--------+-----+--------+

Top non-repeatable levels by time:
     D:1: 1180 daAuts
     D:2: 1006 daAuts
